 Dungeon Crawl Stone Soup version 0.23.2-1-ga50397a (webtiles) character file.

Game seed: 16055547057863419193

102 Fang the Skirmisher (level 4, 0/29 HPs)
             Began as a Gargoyle Berserker on Apr 16, 2019.
             Was a Believer of Trog.
             Slain by an orc
             ... wielding a +0 flail
              (5 damage)
             ... on level 4 of the Dungeon.
             The game lasted 00:00:58 (1467 turns).

Fang the Skirmisher (Gargoyle Berserker)            Turns: 1467, Time: 00:00:59

Health: 0/29       AC:  5    Str: 22    XL:     4   Next: 78%
Magic:  4/4        EV: 12    Int:  7    God:    Trog [**....]
Gold:   60         SH:  0    Dex:  9    Spells: 3/3 levels left

rFire    . . .     SeeInvis .   a - +0 hand axe
rCold    . . .     Gourm    .   (no shield)
rNeg     + . .     Faith    .   b - +0 animal skin
rPois    ∞         Spirit   .   (no helmet)
rElec    +         Reflect  .   (no cloak)
rCorr    .         Harm     .   (no gloves)
MR       .....                  (no boots)
Stlth    +.........             (no amulet)
HPRegen  0.09/turn              (no ring)
MPRegen  0.09/turn              (no ring)

@: no status effects
A: negative energy resistance 1, electricity resistance, unbreathing,
petrification resistance, rot immunity, AC +3
a: Berserk, Trog's Hand, Renounce Religion


You were on level 4 of the Dungeon.
You worshipped Trog.
Trog was pleased with you.
You were not hungry.

You visited 1 branch of the dungeon, and saw 3 of its levels.

You collected 60 gold pieces.

Inventory:

Hand Weapons
 a - a +0 hand axe (weapon)
Armour
 b - a +0 animal skin (worn)
Scrolls
 d - 2 scrolls of teleportation {unknown}
 j - a scroll of remove curse {unknown}
 k - a scroll of amnesia {unknown}
 l - 2 scrolls of identify {unknown}
 n - a scroll of random uselessness {unknown}
Potions
 e - a potion of berserk rage {unknown}
 f - a potion of flight {unknown}
 h - a potion of degeneration {unknown}
 i - a potion of cancellation {unknown}
 m - a potion of resistance {unknown}
 o - a potion of brilliance {unknown}
Comestibles
 c - 4 rations
 g - 6 chunks of flesh


   Skills:
 + Level 4.0 Fighting
 + Level 3.3 Axes
 + Level 3.2 Armour
 + Level 2.3 Dodging


You had 3 spell levels left.
You didn't know any spells.
Your spell library was empty.

Dungeon Overview and Level Annotations

Branches:
Dungeon (2/15)

Altars:
Ashenzari
Ru
Yredelemnul


Innate Abilities, Weirdness & Mutations

You are resistant to torment.
Your stone body is resilient. (AC +3)
You are immune to poison.
You resist negative energy. (rN+)
You are resistant to electric shocks. (rElec)
You can survive without breathing.
You are immune to petrification.
You are immune to rotting.


Message History

The orc shouts!
You hear a shout!
The orc hits you with a +0 flail!
An orc comes into view. It is wielding a +0 dagger.
You are too injured to fight recklessly!
You are too injured to fight recklessly!
You are too injured to fight recklessly!
You are too injured to fight recklessly!
You are too injured to fight recklessly!
You are too injured to fight recklessly!
You are too injured to fight recklessly!
You are too injured to fight recklessly!
You are too injured to fight recklessly!
You are too injured to fight recklessly!
You are too injured to fight recklessly!
You are too injured to fight recklessly!
You are too injured to fight recklessly!
You hit the orc but do no damage. The orc hits you with a +0 flail.
* * * LOW HITPOINT WARNING * * *
You barely miss the orc. The orc hits you with a +0 flail.
You die...

###########
#.........#
...#######.#
..# #.# #
#.# #.#
#o###.###.#
#oo@..÷÷..#
#.###.#####
.. #%# ##
#.# #?. ###


You could see 3 orcs.

Vanquished Creatures
  A howler monkey (D:4)
  3 adders (D:2)
  A worm (D:2)
  A dart slug (D:1)
  2 leopard geckos
  2 bats (D:2)
  2 giant cockroaches
  4 goblins
  2 hobgoblins
  3 jackals (D:1)
  A kobold (D:1)
  A quokka (D:2)
  A ball python (D:2)
  3 frilled lizards
  6 rats
33 creatures vanquished.

Notes
Turn   | Place    | Note
-------+----------+-------------------------------------------
     0 | D:1      | Fang the Gargoyle Berserker began the quest for the Orb.
     0 | D:1      | Reached XP level 1. HP: 14/14 MP: 1/1
   182 | D:1      | Reached XP level 2. HP: 19/19 MP: 2/2
   663 | D:1      | You fall through a shaft!
   663 | D:2      | Found a shattered altar of Ashenzari.
   745 | D:2      | Reached XP level 3. HP: 13/24 MP: 3/3
  1176 | D:2      | Found a basalt altar of Yredelemnul.
  1237 | D:2      | Reached XP level 4. HP: 28/29 MP: 4/4
  1294 | D:2      | Found a sacrificial altar of Ru.
  1359 | D:2      | Reached ** piety under Trog
  1377 | D:2      | You fall through a shaft for 2 floors!
  1402 | D:4      | Reached skill level 4 in Fighting
  1467 | D:4      | Slain by an orc

Skill      XL: |  1  2  3  4 |
---------------+-------------+-----
Axes           | 3 |  3.3
Dodging        | 2 |  2.3
Armour         | 3 |  3.2
Fighting       | 4 |  4.0

Action                   |  1- 3 |  4- 6 || total
-------------------------+-------+-------++-------
Melee: Hand axe          |    75 |    43 ||   118
  Eat: Chunk             |     1 |     1 ||     2
Armor: Animal skin       |    26 |    10 ||    36
Dodge: Dodged            |    60 |    27 ||    87
